 Dungeon Crawl Stone Soup version 0.31-a0-187-gba352fbbf7 (webtiles) character file.

Game seed: 7088350932809134941

444 qw the Skirmisher (level 6, -11/31 HPs)
             Began as a Deep Elf Hunter on June 22, 2023.
             Was an Initiate of Okawaru.
             Killed from afar by Dowan (23 damage)
             ... with a shard of ice
             ... on level 4 of the Dungeon.
             The game lasted 00:01:10 (3019 turns).

qw the Skirmisher (Deep Elf Hunter)                 Turns: 3019, Time: 00:01:11

Health: -11/31     AC:  7    Str:  9    XL:     6   Next: 72%
Magic:  8/8        EV: 11    Int: 13    God:    Okawaru [......]
Gold:   160        SH:  0    Dex: 22    Spells: 5/5 levels left

rFire   . . .        Y - +1 shortbow
rCold   . . .        (shield currently unavailable)
rNeg    . . .        l - +0 ring mail
rPois   +            a - +0 helmet
rElec   .            (no cloak)
rCorr   .            (no gloves)
SInv    .            c - +2 pair of boots
Will    .....        h - amulet of regeneration
Stlth   ++           b - ring of poison resistance
HPRegen 1.05/turn    (no ring)
MPRegen 0.11/turn

%: clarity
@: no status effects
A: agile 1, clarity, deformed body, frail 1, MP-powered wands
a: Renounce Religion


You were on level 4 of the Dungeon.
You worshipped Okawaru.
Okawaru was noncommittal.
You visited 2 branches of the dungeon, and saw 5 of its levels.

You collected 160 gold pieces.


Innate Abilities, Weirdness & Mutations

You are agile. (Dex +4, Str/Int -1)
You possess an exceptional clarity of mind.
Armour fits poorly on your strangely shaped body.
You are frail. (-10% HP)
You expend magic power (3 MP) to strengthen your wands.


   Skills:
 - Level 2.1 Fighting
 + Level 9.5 Ranged Weapons
 - Level 2.0 Armour
 - Level 3.0 Dodging
 - Level 1.2 Stealth


You had 5 spell levels left.
You didn't know any spells.
Your spell library was empty.

Inventory:

Hand Weapons
 Y - a +1 shortbow (weapon)
Armour
 a - a +0 helmet (worn)
 c - a +2 pair of boots (worn)
 l - a +0 ring mail (worn)
Jewellery
 b - a ring of poison resistance (left hand)
 f - a ring of fire
 h - an amulet of regeneration (around neck)
Scrolls
 e - a scroll of fear {unknown}
Potions
 d - a potion of curing
 i - a potion of degeneration {unknown}
 j - a potion of cancellation

Dungeon Overview and Level Annotations

Branches:
Dungeon (4/15)             Temple (1/1) D:4

Altars:
Ashenzari
Cheibriados
Dithmenos
Fedhas
Hepliaklqana
Kikubaaqudgha
Makhleb
Nemelex Xobeh
Okawaru
Qazlal
Ru
Sif Muna
Vehumet
Wu Jian
Xom
Yredelemnul

Annotations:
D:4 Dowan


Message History

The arrow hits the hobgoblin.
The hobgoblin is lightly wounded.
You feel sick. The adder closely misses you.
Dowan gestures wildly while chanting.
Dowan blinks!
You shoot an arrow. The arrow hits the adder.
The adder is heavily wounded.
You feel sick. The adder bites you but does no damage.
You shoot an arrow. The arrow hits the adder.
You kill the adder!
Okawaru accepts your kill.
You feel sick.
Dowan says, "Her death will not be in vain!"
Dowan gestures wildly while chanting.
Dowan blinks!
You shoot an arrow. The arrow closely misses the hobgoblin.
You feel sick.
You are no longer poisoned.
The hobgoblin hits you.
You shoot an arrow. The arrow barely misses the hobgoblin.
The hobgoblin hits you.
You shoot an arrow. The arrow hits the hobgoblin!
You kill the hobgoblin!
Okawaru accepts your kill.
You start resting.
Dowan is nearby!
You shoot an arrow. The arrow hits Dowan.
Dowan is lightly wounded.
Dowan says, "Her death will not be in vain!"
Dowan mumbles some strange words.
Dowan blinks!
Dowan casts a spell at you. The shard of ice hits you!
You shoot an arrow. The arrow hits Dowan!
Dowan is heavily wounded.
You shoot an arrow. The arrow barely misses Dowan.
Dowan casts a spell at you. The shard of ice hits you!!
Ouch! That really hurt!
You die...

#.###############.###
#.#..# #....#....
#.#..# #.#.......
#.#..# #.#.......
#.#..# #.#.######
#.#..# #.#>......
#.#..# #.#.####.#
#.#..#######.#.#<...#
#.#.@)%....#.#.#.....
#.##e#.......#.#.##.#
#....#.###.###.......
######e# #.#.##?# g#
#.#.##.# .. #...##.#
.. ###.##.# .. #....#
#.##..


You could see Dowan (fast).

Vanquished Creatures
  Duvessa (D:4)
  An ogre (D:4)
  A hound (D:4)
  2 orc priests (D:4)
  10 adders
  A worm (D:3)
  A dart slug (D:3)
  3 orcs (D:4)
  6 ball pythons
  2 endoplasms
  3 giant cockroaches
  5 goblins
  6 hobgoblins
  4 jackals (D:2)
  2 quokkas
  8 bats
  A frilled lizard (D:1)
  11 kobolds
  10 rats
78 creatures vanquished.

Notes
Turn   | Place    | Note
-------+----------+-------------------------------------------
     0 | D:1      | qw the Deep Elf Hunter began the quest for the Orb.
     0 | D:1      | Reached XP level 1. HP: 12/12 MP: 3/3
     0 | D:1      | 0 ||| qw: Version: 0.3-a-9-g12657ce
     0 | D:1      | 0 ||| qw: Game counter: 1969
     0 | D:1      | 0 ||| qw: Always use a shield: true
     0 | D:1      | 0 ||| qw: God list: Okawaru
     0 | D:1      | 0 ||| qw: Allow faded altars: false
     0 | D:1      | 0 ||| qw: Do Orc after D:15 true
     0 | D:1      | 0 ||| qw: Do second Lair branch before Depths: true
     0 | D:1      | 0 ||| qw: Lair rune preference: random
     0 | D:1      | 0 ||| qw: Plans: Normal
     0 | D:1      | 0 ||| PLANNING D:1-11
   174 | D:1      | Reached XP level 2. HP: 16/16 MP: 4/4
   195 | D:1      | Reached skill level 6 in Ranged Weapons
   665 | D:1      | 665 ||| UPGRADING to +0 scale mail.
   675 | D:1      | 675 ||| DROPPING +0 leather armour.
   676 | D:1      | 676 ||| UPGRADING to +0 ring mail.
   686 | D:1      | 686 ||| DROPPING +0 scale mail.
   687 | D:1      | 687 ||| READING scroll labelled HIOXTU HIAPLOQUE.
   688 | D:1      | 688 ||| READING scroll labelled ACOMNI BIRIY.
   689 | D:1      | 689 ||| READING scroll labelled JEUCOTIOT.
   690 | D:1      | 690 ||| READING scroll labelled WIOTOOQIUR.
   691 | D:1      | 691 ||| DROPPING scroll of butterflies.
   854 | D:2      | Reached XP level 3. HP: 20/20 MP: 5/5
   967 | D:2      | Reached skill level 7 in Ranged Weapons
  1197 | D:2      | Reached XP level 4. HP: 25/25 MP: 6/6
  1203 | D:2      | Found a faded altar of an unknown god.
  1206 | D:2      | Noticed a floating eye
  1206 | D:2      | Noticed a shining eye
  1212 | D:2      | Noticed a golden eye
  1215 | D:2      | Noticed a floating eye
  1378 | D:2      | 1378 ||| UPGRADING to +0 helmet.
  1383 | D:2      | 1383 ||| UPGRADING to +2 pair of boots.
  1388 | D:2      | 1388 ||| DROPPING amulet of magic regeneration.
  1389 | D:2      | 1389 ||| READING 2 scrolls labelled RERROGH JUOL.
  1390 | D:2      | 1390 ||| DRINKING 2 fizzy grey potions.
  1391 | D:2      | 1391 ||| DRINKING 2 clear potions.
  1392 | D:2      | 1392 ||| DRINKING 2 dark potions.
  1393 | D:2      | 1393 ||| DROPPING potion of attraction.
  1394 | D:2      | 1394 ||| DROPPING scroll of fog.
  1509 | D:3      | Reached skill level 8 in Ranged Weapons
  1596 | D:3      | Found a shadowy altar of Dithmenos.
  1787 | D:3      | Found a blossoming altar of Fedhas.
  1793 | D:3      | Found a hazy altar of Hepliaklqana.
  2144 | D:3      | 2144 ||| UPGRADING to ring of poison resistance.
  2145 | D:3      | 2145 ||| READING scroll labelled AXUIROLIUTT.
  2148 | D:3      | 2148 ||| READING scroll labelled ASCHAA PUTHEO.
  2149 | D:3      | 2149 ||| DRINKING 2 fizzy clear potions.
  2149 | D:3      | Gained mutation: You are agile. (Dex +4, Str/Int -1)
                  | [potion of mutation]
  2149 | D:3      | Gained mutation: You occasionally lose the ability to drink
                  | potions when taking damage. [potion of mutation]
  2149 | D:3      | Gained mutation: You are strong-willed. (Will+) [potion of
                  | mutation]
  2150 | D:3      | 2150 ||| DRINKING potion of mutation.
  2150 | D:3      | Lost mutation: You are strong-willed. (Will+) [potion of
                  | mutation]
  2150 | D:3      | Lost mutation: You occasionally lose the ability to drink
                  | potions when taking damage. [potion of mutation]
  2150 | D:3      | Gained mutation: You possess an exceptional clarity of
                  | mind. [potion of mutation]
  2150 | D:3      | Gained mutation: You are frail. (-10% HP) [potion of
                  | mutation]
  2150 | D:3      | Gained mutation: Armour fits poorly on your strangely
                  | shaped body. [potion of mutation]
  2150 | D:3      | Gained mutation: You expend magic power (3 MP) to
                  | strengthen your wands. [potion of mutation]
  2151 | D:3      | 2151 ||| DRINKING 2 viscous amethyst potions.
  2230 | D:4      | Reached XP level 5. HP: 14/26 MP: 7/7
  2266 | D:4      | 2266 ||| FLEEEEING.
  2282 | D:4      | Noticed an ogre
  2287 | D:4      | Killed an ogre
  2288 | D:4      | Reached skill level 9 in Ranged Weapons
  2374 | D:4      | Found a staircase to the Ecumenical Temple.
  2375 | D:4      | 2375 ||| PLANNING TEMPLE
  2375 | D:4      | 2375 ||| UPGRADING to amulet of regeneration.
  2380 | D:4      | 2380 ||| READING scroll labelled QOLOUK QOSCHISH.
  2481 | D:4      | 2481 ||| DRINKING 2 coppery potions.
  2506 | D:4      | 2506 ||| DROPPING potion of lignification.
  2512 | Temple   | Entered the Ecumenical Temple
  2567 | Temple   | 2567 ||| PLANNING OKAWARU WORSHIP
  2728 | Temple   | Became a worshipper of Warmaster Okawaru
  2729 | Temple   | 2729 ||| PLANNING D:1-11
  2754 | D:4      | Reached XP level 6. HP: 31/31 MP: 8/8
  2761 | D:4      | Reached skill level 3 in Dodging
  2993 | D:4      | Noticed Duvessa
  2994 | D:4      | Noticed Dowan
  3001 | D:4      | 3001 ||| Stepping ~*~*~tactically~*~*~ (outnumbered).
  3005 | D:4      | HP: 7/31 [Duvessa/+0 short sword (6)]
  3006 | D:4      | 3006 ||| DRINKING potion of heal wounds.
  3007 | D:4      | Killed Duvessa
  3019 | D:4      | Killed from afar by Dowan

Levels and vault maps discovered:
D:1:      eino_arrival_cavern_c, layout_basic
D:2:      layout_loops_ring, hellmonk_ecumenical_altar_watching_god,
          minmay_vboxes
D:3:      layout_loops_ring, nicolae_overflow_crystal_walls,
          mainiacjoe_overflow_big_doors
D:4:      layout_basic, minmay_temple_entry_hall, uniq_duvessa
Temple:   nicolae_temple_figure_eight

Skill      XL: |  1  2  3  4  5  6 |
---------------+-------------------+-----
Ranged Weapons | 6 7 8 9 |  9.5
Fighting       | 2 |  2.1
Dodging        | 3 |  3.0
Armour         | 2 |  2.0
Stealth        | |  1.2

Action                     |  1- 3 |  4- 6 || total
---------------------------+-------+-------++-------
   Fire: Shortbow          |   118 |   118 ||   236
    Use: Scroll            |     4 |     4 ||     8
         Potion            |       |     8 ||     8
 Armour: Leather armour    |     7 |       ||     7
         Ring mail         |    28 |    25 ||    53
  Dodge: Dodged            |    60 |    37 ||    97

Table legend:
 A = Non-vault XP
 B = Vault XP
 C = Vault XP percentage of total XP
 D = Non-vault monster count
 E = Vault monster count
 F = Vault count percentage of total count
                 A         B        C        D         E       F
            +---------+---------+-------+---------+---------+-------
      Total |     481 |     154 |  24.3 |      72 |       6 |   7.7
            +---------+---------+-------+---------+---------+-------
        D:1 |      24 |       0 |   0.0 |      16 |       0 |   0.0
        D:2 |      79 |       9 |  10.2 |      26 |       5 |  16.1
        D:3 |      74 |       0 |   0.0 |      13 |       0 |   0.0
        D:4 |     304 |     145 |  32.3 |      17 |       1 |   5.6
            +---------+---------+-------+---------+---------+-------
